 Dungeon Crawl Stone Soup version 0.31-a0-949-g57150269e1 (webtiles) character file.

Game seed: 17704799159400139527

663 croobank the Firebug (level 7, 0/52 HPs)
             Began as a Demonspawn Fire Elementalist on Oct 22, 2023.
             Slain by an orc priest
             ... wielding a +0 mace
              (8 damage)
             ... on level 4 of the Dungeon.
             The game lasted 00:12:06 (5769 turns).

croobank the Firebug (Demonspawn Fire Elementalist) Turns: 5769, Time: 00:12:06

Health: 0/52       AC:  8    Str:  8    XL:     7   Next: 31%
Magic:  2/12       EV: 13    Int: 19    God:
Gold:   300        SH:  0    Dex: 13    Spells: 7/12 levels left

rFire   . . .        a - +3 dagger (venom)
rCold   . . .        x - orb {mayhem}
rNeg    + + .        e - +1 robe
rPois   .            (helmet restricted)
rElec   .            u - +2 cloak {Stlth+}
rCorr   .            h - +0 pair of gloves
SInv    .            p - +0 pair of boots
Will    .....        y - amulet "Vome" {Acrobat rN++}
Stlth   +++          (no ring)
HPRegen 0.28/turn    (no ring)
MPRegen 0.13/turn

%: mayhem, acrobat
@: on berserk cooldown, slowed, very slow
A: antennae 2, powered by pain 1
a: no special abilities


You were on level 4 of the Dungeon.
You visited 1 branch of the dungeon, and saw 4 of its levels.
You also visited: Sewer.

You collected 300 gold pieces.

Inventory:

Hand Weapons
 a - a +3 dagger of venom (weapon)
 l - a +1 vampiric halberd
 t - a +4 quarterstaff of chaos
 B - a +2 whip of venom
Missiles
 f - 6 javelins (quivered)
 k - 12 boomerangs
 n - a throwing net
 A - 2 poisoned darts
Armour
 d - a +1 scale mail of poison resistance
 e - a +1 robe (worn)
 h - a +0 pair of gloves (worn)
 i - a +0 ring mail
 p - a +0 pair of boots (worn)
 u - a +2 cloak of stealth (worn)
 x - an orb of mayhem (worn)
 C - the +4 ring mail of Tortelloni {Fly MP+9 Dex-4}
   (You found it on level 4 of the Dungeon)

   Dex-4:     It affects your dexterity (-4).
   MP+9:      It affects your magic capacity (+9).
   Fly:       It grants you flight.
Magical Staves
 w - a staff of air
Jewellery
 o - a ring of fire
 y - the amulet "Vome" (around neck) {Acrobat rN++}
   (You found it on level 3 of the Dungeon)

   [amulet of the acrobat]

   Acrobat:   It increases your evasion while moving and waiting.
   rN++:      It greatly protects you from negative energy.
 F - a +5 ring of evasion
Scrolls
 q - a scroll of teleportation
 s - 3 scrolls of identify
 z - a scroll of acquirement {unknown}
 D - 2 scrolls of revelation {unknown}
Potions
 b - a potion of magic
 c - a potion of lignification {unknown}
 g - 2 potions of attraction {unknown}
 j - a potion of degeneration {unknown}
 m - a potion of haste {unknown}
 r - a potion of brilliance {unknown}
 v - a potion of berserk rage
 E - 2 potions of curing


   Skills:
 * Level 3.5 Fighting
 + Level 3.3 Dodging
 + Level 3.5 Stealth
 + Level 3.3 Spellcasting
 + Level 3.1 Conjurations
 + Level 3.9 Fire Magic


You had 7 spell levels left.
You knew the following spells:

 Your Spells              Type           Power      Damage    Failure   Level
a - Foxfire               Conj/Fire      64%        2x1d7     3%          1
b - Scorch                Fire           36%        2d6       4%          2
c - Searing Ray           Conj           30%        2d5       6%          2

Your spell library contained the following spells:

 Spells                   Type           Power      Damage    Failure   Level
 Magic Dart               Conj           60%        1d6       4%          1
 Sandblast                Erth           6%         2d5       14%         1
 Inner Flame              Hex/Fire       10%        N/A       21%         3
 Volatile Blastmotes      Fire/Tloc      20%        2d11      21%         3
 Passwall                 Tmut/Erth      2%         N/A       22%         2
 Sublimation of Blood     Necr           3%         N/A       22%         2
 Stone Arrow              Conj/Erth      18%        3d8       24%         3
 Flame Wave               Conj/Fire      16%        2d7       34%         4
 Brom's Barrelling Bould  Conj/Erth      9%         2d3       61%         4
 Fulminant Prism          Conj/Hex       4%         3d5       61%         4
 Petrify                  Tmut/Erth      3%         N/A       82%         4
 Irradiate                Conj/Tmut      4%         3d13      91%         5


Dungeon Overview and Level Annotations

Branches:
Dungeon (4/15)              Sewer (visited)
 Temple: D:4-7

Altars:
Uskayaw


Innate Abilities, Weirdness & Mutations

You have a pair of antennae on your head.
You sometimes gain a little power by taking damage.


Message History

You hit the orc priest.
The orc priest is severely wounded.
The orc priest closely misses you. The orc misses you.
You barely miss the orc priest.
The orc priest is severely wounded.
The orc is no longer more vulnerable to fire.
The orc priest hits you with a +0 war axe!
* * * LOW HITPOINT WARNING * * *
The orc priest barely misses you.
The orc hits you with a +1 whip of pain.
* * * LOW HITPOINT WARNING * * *
A red film seems to cover your vision as you go berserk!
You feel yourself moving faster!
You feel mighty!
You kill the orc priest!
The orc flies into a frenzy!
The orc shouts!
The orc barely misses you.
You hit the orc.
The orc is poisoned.
The orc is almost dead.
You hit the orc.
You kill the orc!
An orc priest comes into view. It is wielding a +0 mace.
The orc priest shouts!
You puncture the orc!
You kill the orc!
The orc priest flies into a frenzy!
The orc priest shouts!
You are too berserk!
Items here: ))) †.
You feel a strong urge to attack something.
You are no longer berserk.
You are exhausted.
You feel yourself slow down. The orc priest misses you.
You hit the orc priest.
The orc priest is poisoned.
The orc priest is lightly wounded.
The orc priest barely misses you. The orc priest misses you.
You hit the orc priest.
The orc priest is moderately wounded.
The orc priest hits you with a +0 mace!
You die...

..##
###...##
..>###
###..### ##
..†..##
##...####.#
......##
###...#.#
.......##
###))#
........##
##)#
.........##
#)#
..........#
#.#
..........#
#@#
..........#
#o#
.........##
#.#
........##
#.#
.#....###
#.# ..#####
#.# #.# #..
.. #..


You could see a neutral orc priest (fast, strong, frenzied, very poisoned).

Vanquished Creatures
  A water moccasin (Sewer)
  A scorpion (D:4)
  A jelly (D:4)
  3 orc priests
  Crazy Yiuf (D:2)
  A hound (D:4)
  An iguana (D:3)
  Terence (D:2)
  Natasha (thrice) (D:2)
  An orc wizard (D:3)
  3 gnolls
  A river rat (D:3)
  4 adders
  2 worms
  2 dart slugs
  6 orcs
  6 ball pythons
  5 endoplasms
  4 giant cockroaches
  8 goblins
  7 hobgoblins
  3 jackals (D:1)
  9 quokkas
  10 bats
  2 frilled lizards (D:2)
  8 kobolds
  4 rats
98 creatures vanquished.

Vanquished Creatures (collateral kills)
  A foxfire (D:1)
1 creature vanquished.

Vanquished Creatures (others)
  200 foxfires
200 creatures vanquished.

Grand Total: 299 creatures vanquished

Notes
Turn   | Place    | Note
-------+----------+-------------------------------------------
     0 | D:1      | croobank the Demonspawn Fire Elementalist began the quest
                  | for the Orb.
     0 | D:1      | Reached XP level 1. HP: 13/13 MP: 3/3
   319 | D:1      | Gained mutation: You sometimes gain a little power by
                  | taking damage. [demonic ancestry]
   319 | D:1      | Reached XP level 2. HP: 11/19 MP: 3/5
  1011 | D:1      | Learned a level 2 spell: Scorch
  1303 | D:1      | Gained mutation: You have a pair of small antennae on your
                  | head. [demonic ancestry]
  1303 | D:1      | Reached XP level 3. HP: 12/24 MP: 1/6
  1855 | D:2      | Gained mutation: You have a pair of antennae on your head.
                  | [demonic ancestry]
  1855 | D:2      | Reached XP level 4. HP: 30/30 MP: 3/7
  2071 | D:2      | Noticed Natasha
  2077 | D:2      | Killed Natasha
  2146 | D:2      | Learned a level 2 spell: Searing Ray
  2256 | D:2      | Reached skill level 1 in Fighting
  2392 | D:2      | Noticed Terence
  2409 | D:2      | Killed Terence
  2410 | D:2      | Reached XP level 5. HP: 19/37 MP: 0/8
  2482 | D:2      | Noticed Natasha
  2491 | D:2      | Killed Natasha
  2533 | D:2      | Found a runed translucent door.
  2534 | D:2      | Noticed Crazy Yiuf
  2943 | D:2      | Noticed Natasha
  2948 | D:2      | Killed Natasha
  3261 | D:2      | Killed Crazy Yiuf
  3476 | D:3      | Reached XP level 6. HP: 44/44 MP: 7/10
  3756 | D:3      | Found a glowing drain.
  3765 | Sewer    | Entered a sewer
  3874 | Sewer    | Noticed a water moccasin
  3889 | Sewer    | Killed a water moccasin
  4153 | D:3      | Identified the amulet "Vome" {Acrobat rN++}
  5110 | D:4      | Found a hide-covered altar of Uskayaw.
  5203 | D:4      | Identified the +4 ring mail of Tortelloni {Fly MP+9 Dex-4}
  5380 | D:4      | Reached XP level 7. HP: 52/52 MP: 4/11
  5769 | D:4      | Slain by an orc priest

Illustrated notes

Levels and vault maps discovered:
D:1:      amcnicky_arrival_blooded_trapdoor, layout_rooms,
          serial_co_window_serial, co_window_cross_1, co_window_paths_a,
          co_window_corner_a, co_window_corner_a, co_window_paths_a,
          co_window_2corner, co_window_broadway_a, co_window_broadway_c,
          co_window_broadway_b, co_window_cross_3, glass_columns_c,
          glass_columns_a, glass_columns_b, glass_columns_c, minivault_19,
          supply_closet_lemuel, minmay_strange_pillars, serial_bayou_pond_c,
          minmay_distorted
D:2:      minmay_thinvault, layout_loops_ring, uniq_crazy_yiuf_cottage,
          uniq_natasha, uniq_terence
D:3:      layout_loops_corners, gup_sewer_entry_bowl
D:4:      layout_cave_pods, mainiacjoe_overflow_six_doors_small

Skill      XL: |  1  2  3  4  5  6 |
---------------+-------------------+-----
Stealth        | 2 3 |  3.5
Dodging        | 2 3 |  3.3
Fire Magic     | 3 |  3.9
Conjurations   | 2 3 |  3.1
Fighting       | 1 2 3 |  3.5
Spellcasting   | 3 |  3.3

Action                     |  1- 3 |  4- 6 |  7- 9 || total
---------------------------+-------+-------+-------++-------
  Melee: Dagger            |    44 |    73 |    17 ||   134
         Unarmed           |     3 |       |       ||     3
   Cast: Foxfire           |    54 |    46 |    16 ||   116
         Scorch            |     3 |    26 |     5 ||    34
    Use: Scroll            |       |     5 |       ||     5
         Potion            |       |     1 |     1 ||     2
   Stab: Sleeping          |     1 |     6 |     1 ||     8
 Armour: Robe              |    36 |    53 |    11 ||   100
  Dodge: Dodged            |    44 |    49 |    24 ||   117

Table legend: (Time is in decaauts)
 A = Elapsed time spent in this place.
 B = Non-inter-level travel time spent in this place.
 C = Inter-level travel time spent in this place.
 D = Time resting spent in this place.
 E = Time spent auto-exploring this place.
 F = Levels seen in this place.
 G = Mean time per level.
                   A        B        C        D        E       F      G
               +--------+--------+--------+--------+--------+-----+--------+
         Total |   5791 |   5657 |    134 |   1063 |   3551 |   5 | 1158.2 |
       Dungeon |   5534 |   5400 |    134 |    988 |   3454 |   4 | 1383.5 |
         Sewer |    256 |    256 |      0 |     75 |     97 |   1 |  256.0 |
               +--------+--------+--------+--------+--------+-----+--------+

Top non-repeatable levels by time:
     D:1: 1733 daAuts
     D:2: 1721 daAuts
     D:3: 1096 daAuts
     D:4: 982 daAuts
   Sewer: 256 daAuts
